 Dungeon Crawl Stone Soup version 0.21.1-1-g345015f (webtiles) character file.

210 vatarom the Ducker (level 5, -1/43 HPs)
             Began as a Gnoll Wanderer on May 26, 2018.
             Slain by Natasha (7 damage)
             ... on level 2 of the Dungeon.
             The game lasted 00:02:31 (1351 turns).

vatarom the Ducker (Gnoll Wanderer)                 Turns: 1351, Time: 00:02:32

Health: -1/43      AC:  3    Str: 16    XL:     5   Next: 88%
Magic:  7/7        EV: 14    Int: 15    God:
Gold:   83         SH:  0    Dex: 13    Spells: 7/7 levels left

rFire    . . .     SeeInvis .   b - +0 scythe
rCold    . . .     Gourm    .   (shield currently unavailable)
rNeg     . . .     Faith    .   d - +0 robe
rPois    .         Spirit   .   (helmet restricted)
rElec    .         Reflect  .   (no cloak)
rCorr    .         Harm     .   l - +0 pair of gloves
MR       .....                  (no boots)
Stlth    +++.......             (no amulet)
HPRegen  0.14/turn              (no ring)
MPRegen  0.10/turn              (no ring)

@: no status effects
A: distributed training, antennae 1, fangs 1, talons 1, strong nose
a: no special abilities


You were on level 2 of the Dungeon.
You were not hungry.

You visited 1 branch of the dungeon, and saw 2 of its levels.

You collected 83 gold pieces.

Inventory:

Hand Weapons
 b - a +0 scythe (weapon)
 k - a +3 spear
Armour
 d - a +0 robe (worn)
 l - a +0 pair of gloves (worn)
Scrolls
 a - a scroll of identify {unknown}
 c - 2 scrolls of teleportation
 i - a scroll of remove curse
Comestibles
 f - 2 rations


   Skills:
 + Level 4.8 Fighting
 + Level 1.6 Short Blades
 + Level 1.6 Long Blades
 + Level 1.6 Axes
 + Level 1.6 Maces & Flails
 + Level 3.0 Polearms
 + Level 1.6 Staves
 + Level 1.6 Slings
 + Level 1.6 Bows
 + Level 1.6 Crossbows
 + Level 1.6 Throwing
 + Level 4.8 Armour
 + Level 4.8 Dodging
 + Level 4.4 Stealth
 + Level 1.6 Shields
 + Level 1.6 Unarmed Combat
 + Level 1.6 Spellcasting
 + Level 1.3 Conjurations
 + Level 1.3 Hexes
 + Level 1.3 Charms
 + Level 1.3 Summonings
 + Level 1.3 Necromancy
 + Level 1.3 Translocations
 + Level 1.3 Transmutations
 + Level 1.3 Fire Magic
 + Level 1.3 Ice Magic
 + Level 1.3 Air Magic
 + Level 1.3 Earth Magic
 + Level 1.3 Poison Magic
 + Level 1.8 Invocations
 + Level 3.0 Evocations


You had 7 spell levels left.
You didn't know any spells.

Dungeon Overview and Level Annotations

Branches:
Dungeon (2/15)

Altars:

Annotations:
D:2 Natasha


Innate Abilities, Weirdness & Mutations

Your experience applies equally to all skills.
You have very sharp teeth.
Your uncanny sense of smell can sniff out nearby items.
You have a pair of small antennae on your head.
You have sharp toenails.


Message History

Natasha claws you.
You barely miss Natasha. Your kick misses Natasha. Natasha claws you!
You are too injured to fight recklessly!
You are too injured to fight recklessly!
You are too injured to fight recklessly!
You are too injured to fight recklessly!
You are too injured to fight recklessly!
You are too injured to fight recklessly!
You barely miss Natasha. Natasha claws you. Natasha barely misses you.
You barely miss Natasha. Natasha barely misses you.
Natasha casts a spell.
You closely miss Natasha. Your kick misses Natasha.
Natasha mumbles some strange words.
Natasha claws you!
* * * LOW HITPOINT WARNING * * *
You closely miss Natasha.
Natasha wildly gestures.
You feel troubled. Natasha claws you!
You die...

#####..#..#######.##...###.#####.
######.#.########...##...........
................###..#####.#####.
######)####.###.[.....(......####
######.# #.########..#(...(...#
#......# #..##### ##.#........##
#......# ##....5# #..........##
#......# #####h####............
#......##### #@.##...........##
#..........## ##5....>........##
#......###..#####....##........##
#......# ##.#.......###........#.
###########....####.###........#.
#.......# #..##..........
....##..#.# ##..#########.# ###
#.##.# ##...## #..# ...##..
###..## ##.##


You could see Natasha and 2 crimson imps.

Vanquished Creatures
  Sigmund (D:2)
  Natasha (D:2)
  A worm (D:2)
  A dart slug (D:2)
  A leopard gecko (D:2)
  5 bats (D:1)
  A goblin (D:2)
  5 hobgoblins
  5 kobolds
  2 rats (D:1)
23 creatures vanquished.

Notes
Turn   | Place    | Note
-------+----------+-------------------------------------------
     0 | D:1      | vatarom the Gnoll Wanderer began the quest for the Orb.
     0 | D:1      | vatarom set off with: a +2 spear, a potion of lignification, a scroll of teleportation, a +0 robe, a +0 dagger, a ration
     0 | D:1      | Reached XP level 1. HP: 20/20 MP: 2/2
   170 | D:1      | Reached XP level 2. HP: 26/26 MP: 3/3
   778 | D:2      | Reached XP level 3. HP: 23/31 MP: 4/4
   843 | D:2      | Noticed Sigmund
   873 | D:2      | Gained mutation: You have sharp toenails. [potion of mutation]
   873 | D:2      | Gained mutation: Your body sometimes deteriorates upon taking damage. [potion of mutation]
   873 | D:2      | Lost mutation: Your body sometimes deteriorates upon taking damage. [potion of mutation]
   873 | D:2      | Gained mutation: You have a pair of small antennae on your head. [potion of mutation]
   878 | D:2      | Killed Sigmund
   878 | D:2      | Reached skill level 1 in Short Blades
   878 | D:2      | Reached skill level 1 in Long Blades
   878 | D:2      | Reached skill level 1 in Axes
   878 | D:2      | Reached skill level 1 in Maces & Flails
   878 | D:2      | Reached skill level 1 in Staves
   878 | D:2      | Reached skill level 1 in Slings
   878 | D:2      | Reached skill level 1 in Bows
   878 | D:2      | Reached skill level 1 in Crossbows
   878 | D:2      | Reached skill level 1 in Throwing
   878 | D:2      | Reached skill level 1 in Shields
   878 | D:2      | Reached skill level 1 in Unarmed Combat
   878 | D:2      | Reached skill level 1 in Spellcasting
   878 | D:2      | Reached skill level 1 in Conjurations
   878 | D:2      | Reached skill level 1 in Hexes
   878 | D:2      | Reached skill level 1 in Charms
   878 | D:2      | Reached skill level 1 in Summonings
   878 | D:2      | Reached skill level 1 in Necromancy
   878 | D:2      | Reached skill level 1 in Translocations
   878 | D:2      | Reached skill level 1 in Transmutations
   878 | D:2      | Reached skill level 1 in Fire Magic
   878 | D:2      | Reached skill level 1 in Ice Magic
   878 | D:2      | Reached skill level 1 in Air Magic
   878 | D:2      | Reached skill level 1 in Earth Magic
   878 | D:2      | Reached skill level 1 in Poison Magic
   878 | D:2      | Reached skill level 1 in Invocations
   878 | D:2      | Reached XP level 4. HP: 6/38 MP: 4/6
   878 | D:2      | Reached XP level 5. HP: 7/43 MP: 4/7
  1227 | D:2      | Noticed Natasha
  1229 | D:2      | Killed Natasha
  1344 | D:2      | Noticed Natasha
  1351 | D:2      | Slain by Natasha

Skill      XL: |  1  2  3 |
---------------+----------+-----
Short Blades   | 1 |  1.6
Long Blades    | 1 |  1.6
Axes           | 1 |  1.6
Maces & Flails | 1 |  1.6
Polearms       | 3 |  3.0
Staves         | 1 |  1.6
Slings         | 1 |  1.6
Bows           | 1 |  1.6
Crossbows      | 1 |  1.6
Throwing       | 1 |  1.6
Shields        | 1 |  1.6
Unarmed Combat | 1 |  1.6
Spellcasting   | 1 |  1.6
Conjurations   | 1 |  1.3
Hexes          | 1 |  1.3
Charms         | 1 |  1.3
Summonings     | 1 |  1.3
Necromancy     | 1 |  1.3
Translocations | 1 |  1.3
Transmutations | 1 |  1.3
Fire Magic     | 1 |  1.3
Ice Magic      | 1 |  1.3
Air Magic      | 1 |  1.3
Earth Magic    | 1 |  1.3
Poison Magic   | 1 |  1.3
Invocations    | 1 |  1.8
Evocations     | 3 |  3.0
Fighting       | |  4.8
Armour         | |  4.8
Dodging        | |  4.8
Stealth        | |  4.4

Action                   |  1- 3 |  4- 6 || total
-------------------------+-------+-------++-------
Melee: Spear             |    70 |       ||    70
       Bite              |     2 |       ||     2
       Scythe            |       |    15 ||    15
       Kick              |       |     2 ||     2
  Use: Scroll            |     2 |       ||     2
       Potion            |     5 |       ||     5
 Stab: Sleeping          |     4 |     2 ||     6
  Eat: Ration            |       |     1 ||     1
Armor: Robe              |    10 |       ||    10
       Skin              |    10 |       ||    10
Dodge: Dodged            |    18 |    12 ||    30
